 Dungeon Crawl Stone Soup version 0.29-a0-321-gf1c400731a (webtiles) character file.

Game seed: 15135455591239920027

5 GigaChad the Ruffian (level 1, -2/16 HPs)
             Began as a Draconian Transmuter on Apr 5, 2022.
             Slain by a kobold
             ... wielding a +0 club
              (4 damage)
             ... on level 1 of the Dungeon.
             The game lasted 00:01:34 (233 turns).

GigaChad the Ruffian (Draconian Transmuter)          Turns: 233, Time: 00:01:35

Health: -2/16      AC:  4    Str: 12    XL:     1   Next: 66%
Magic:  3/3        EV: 12    Int: 13    God:
Gold:   12         SH:  0    Dex: 11    Spells: 3/4 levels left

rFire   . . .      SeeInvis .     - Unarmed
rCold   . . .      Faith    .   (no shield)
rNeg    . . .      Spirit   .   (body armour unavailable)
rPois   .          Reflect  .   (helmet restricted)
rElec   .          Harm     .   (no cloak)
rCorr   .          Rampage  .   (no gloves)
Will    .....                   (no boots)
Stlth   +.........              (no amulet)
HPRegen 0.05/turn               (no ring)
MPRegen 0.08/turn               (no ring)

@: no status effects
A: AC +4, unfitting armour, cold-blooded
a: no special abilities


You were on level 1 of the Dungeon.
You visited 1 branch of the dungeon, and saw 1 of its levels.

You collected 12 gold pieces.

Inventory:

Hand Weapons
 b - a +0 dagger
 d - a +0 whip
 h - a +0 spear
Armour
 e - a +0 ring mail
Scrolls
 c - 2 scrolls of amnesia {unknown}
 f - a scroll of blinking {unknown}
 i - a scroll of teleportation {unknown}
Potions
 a - a potion of lignification
 g - a potion of curing {unknown}
 j - a potion of heal wounds {unknown}
 k - a potion of magic {unknown}


   Skills:
 + Level 1.1 Fighting
 + Level 1.8 Dodging
 + Level 3.2 Unarmed Combat
 + Level 2.0 Spellcasting
 + Level 2.0 Transmutations


You had 3 spell levels left.
You knew the following spells:

 Your Spells              Type           Power      Damage    Failure   Level
a - Beastly Appendage     Tmut           12%        N/A       11%         1

Your spell library contained the following spells:

 Spells                   Type           Power      Damage    Failure   Level
 Wereblood                Tmut           6%         N/A       16%         2
 Spider Form              Tmut/Pois      4%         N/A       45%         3
 Ice Form                 Ice/Tmut       4%         N/A       86%         4


Dungeon Overview and Level Annotations

Branches:
Dungeon (1/15)

Altars:


Innate Abilities, Weirdness & Mutations

Your plain brown scales are hard. (AC +4)
You cannot fit into any form of body armour.
You are cold-blooded and may be slowed by cold attacks.


Message History

The kobold hits you but does no damage.
You completely miss the kobold.
The kobold is severely wounded.
The kobold closely misses you.
You completely miss the kobold.
The kobold is severely wounded.
The kobold misses you.
You barely miss the kobold.
The kobold is severely wounded.
The kobold closely misses you.
You barely miss the kobold.
The kobold is severely wounded.
The kobold barely misses you.
You hit the kobold but do no damage.
The kobold is severely wounded.
The kobold barely misses you.
You closely miss the kobold.
Your tail-slap misses the kobold.
The kobold is severely wounded.
You hit the kobold but do no damage.
The kobold is severely wounded.
The kobold hits you with a +0 club.
You barely miss the kobold.
Your tail-slap misses the kobold.
The kobold is severely wounded.
The kobold hits you with a +0 club.
You closely miss the kobold.
The kobold is severely wounded.
The kobold hits you with a +0 club.
* * * LOW HITPOINT WARNING * * *
You barely miss the kobold.
The kobold is severely wounded.
The kobold hits you with a +0 club.
* * * LOW HITPOINT WARNING * * *
You closely miss the kobold.
You tail-slap the kobold, but do no damage.
The kobold is severely wounded.
The kobold completely misses you.
You barely miss the kobold.
The kobold is severely wounded.
The kobold hits you with a +0 club.
You die...

# # # # ### ### ... ..#
###### ####.#####.######
..... ................#
.##.# ...!..K@........#
.##.# ##.###......>...#
....## ##.........#
.##..#..# #.........#
.##..##)# .## ##.........#
.##..##.# .# #..........#
.##..##.. .(..#.........#
.##..##.# $##.##.........#
.##..##.##.##.#.#......###


You could see a kobold.

Vanquished Creatures
  An endoplasm (D:1)
  A goblin (D:1)
  A kobold (D:1)
  3 rats (D:1)
6 creatures vanquished.

Notes
Turn   | Place    | Note
-------+----------+-------------------------------------------
     0 | D:1      | GigaChad the Draconian Transmuter began the quest for the
                  | Orb.
     0 | D:1      | Reached XP level 1. HP: 16/16 MP: 3/3
   233 | D:1      | Slain by a kobold

Illustrated notes

Levels and vault maps discovered:
D:1:      dpeg_arrival_houses_and_road, layout_loops_ring,
          ebering_ecumenical_altar_abandoned

Action                   || total
-------------------------++-------
Melee: Unarmed           ||    26
       Headbutt          ||     1
       Tailslap          ||     1
 Cast: Beastly Appendage ||     1
Armor: Skin              ||     4
Dodge: Dodged            ||    12

Table legend: (Time is in decaauts)
 A = Elapsed time spent in this place.
 B = Non-inter-level travel time spent in this place.
 C = Inter-level travel time spent in this place.
 D = Time resting spent in this place.
 E = Time spent auto-exploring this place.
 F = Levels seen in this place.
 G = Mean time per level.
                   A        B        C        D        E       F      G
               +--------+--------+--------+--------+--------+-----+--------+
         Total |    233 |    222 |     11 |      0 |     26 |   1 |  233.0 |
       Dungeon |    233 |    222 |     11 |      0 |     26 |   1 |  233.0 |
               +--------+--------+--------+--------+--------+-----+--------+

Top non-repeatable levels by time:
     D:1: 233 daAuts
